Map: Cosmic Sapphire

Players

DankCraft - Winner!

  • Race: Protoss Protoss
  • League: Diamond
  • Spawn Location: 11:00

Jayne

  • Race: Terran Terran
  • League: Diamond
  • Spawn Location: 5:00

VOD

Have the link to the VOD?

Description

Time

  • Played on: Dec. 15, 2022, 4:14 p.m.
  • Length: 32:54
Show
View Real Time Build Order
Export as new Build Order

DankCraft Protoss - Winner!

Build Orders:  

Get SALT Encoding   

  12  0:00  Probe  
  13  0:12  Probe  
  14  0:21  Pylon  
  14  0:25  Probe  
  15  0:39  Probe  
  15  0:40  Forge  
  16  0:51  Probe  
  17  1:02  Pylon  
  17  1:10  Pylon  
  17  1:15  Pylon  
  17  1:25  Photon Cannon  
  17  1:27  Photon Cannon  
  17  1:28  Assimilator  
  17  1:34  Gateway  
  16  1:48  Probe  
  17  2:00  Probe  
  17  2:07  Assimilator  
  17  2:12  Assimilator, Probe  
  18  2:21  Zealot (Chrono Boost)  
  20  2:24  Probe (Chrono Boost)  
  20  2:29  Cybernetics Core  
  21  2:36  Probe (Chrono Boost)  
  20  3:06  Photon Cannon  
  20  3:08  Stalker  
  20  3:09  Pylon  
  22  3:15  Shield Battery  
  22  3:21  Probe (Chrono Boost)  
  23  3:27  Stargate  
  23  3:30  Probe (Chrono Boost)  
  24  3:35  Probe (Chrono Boost)  
  24  3:38  Stalker  
  27  3:47  Pylon  
  27  4:04  Shield Battery  
  31  4:27  Void Ray (Chrono Boost)  
  27  4:49  Photon Cannon  
  27  4:52  Fleet Beacon  
  27  4:53  Photon Cannon  
  27  4:55  Photon Cannon  
  27  5:01  Sentry  
  29  5:12  Pylon  
  29  5:36  Tempest  
  34  5:53  Shield Battery  
  34  6:05  Shield Battery  
  34  6:18  Tempest (Chrono Boost)  
  33  6:26  Sentry  
  35  6:41  Photon Cannon  
  35  6:44  Shield Battery  
  35  6:45  Pylon  
  35  6:49  Probe, Photon Cannon  
  35  6:53  Shield Battery  
  36  6:56  Tempest (Chrono Boost)  
  34  7:34  Tempest (Chrono Boost)  
  39  7:44  Pylon  
  39  7:59  Photon Cannon  
  39  8:09  Tempest (Chrono Boost)  
  39  8:10  Nexus  
  44  8:34  Photon Cannon  
  44  8:36  Photon Cannon  
  44  8:42  Probe  
  44  8:43  Pylon  
  45  8:52  Oracle  
  48  9:15  Photon Cannon  
  48  9:23  Robotics Facility  
  48  9:25  Probe  
  49  9:37  Probe  
  49  10:34  Assimilator  
  49  10:37  Assimilator  
  46  11:40  Tempest  
  46  11:44  Immortal  
  55  11:48  Pylon  
  55  11:50  Gateway  
  55  11:53  Gateway  
  55  11:57  Gateway  
  55  12:00  Pylon  
  55  12:23  Immortal  
  59  12:32  Oracle (Chrono Boost)  
  62  12:41  Twilight Council  
  62  12:43  Stalker x3  
  68  12:44  Warp Gate  
  68  12:47  Probe  
  69  12:52  Probe  
  70  12:59  Probe  
  70  13:04  Probe  
  72  13:11  Probe  
  55  13:21  Tempest (Chrono Boost)  
  55  13:23  Probe  
  56  13:33  Stalker, Immortal  
  56  13:34  Stalker x2  
  66  13:35  Probe  
  67  13:58  Blink (Chrono Boost)  
  67  14:03  Stalker  
  67  14:04  Gateway  
  67  14:09  Pylon  
  44  14:36  Stalker x2  
  43  14:40  Gateway  
  43  14:41  Gateway  
  39  14:57  Stalker  
  41  15:02  Observer (Chrono Boost), Gateway  
  41  15:03  Nexus  
  41  15:04  Stalker x3  
  41  15:05  Pylon  
  48  15:20  Stalker  
  50  15:29  Probe (Chrono Boost)  
  50  15:33  Stalker x3  
  57  15:38  Probe (Chrono Boost)  
  58  15:43  Probe (Chrono Boost)  
  58  15:44  Observer  
  58  15:45  Stalker  
  58  15:46  Stalker  
  64  15:55  Probe, Stalker  
  67  16:07  Probe  
  67  16:08  Stalker  
  69  16:19  Probe  
  60  16:47  Stalker x5  
  67  16:58  Probe  
  67  16:59  Probe  
  69  17:10  Probe  
  69  17:11  Probe  
  69  17:15  Observer (Chrono Boost)  
  72  17:23  Probe x2  
  72  17:24  Assimilator  
  72  17:26  Assimilator  
  74  17:32  Nexus  
  74  17:33  Pylon  
  74  17:35  Probe x2  
  76  17:47  Probe x2  
  76  17:48  Stalker x4  
  76  17:49  Stalker  
  76  17:50  Stalker  
  88  17:59  Probe  
  88  18:00  Probe  
  88  18:02  Pylon  
  88  18:04  Charge (Chrono Boost), Gateway  
  90  18:11  Probe  
  91  18:12  Probe  
  86  18:55  Probe x2  
  88  18:57  Probe  
  88  19:01  Assimilator  
  89  19:03  Zealot x8  
  89  19:06  Assimilator  
  89  19:07  Probe x2  
  89  19:09  Gateway  
  107  19:12  Probe, Gateway  
  107  19:15  Pylon  
  108  19:19  Probe x2  
  110  19:24  Probe  
  110  19:25  Zealot x4  
  119  19:34  Nexus  
  101  19:57  Zealot x2  
  101  19:58  Zealot x6  
  103  20:24  Stargate  
  103  20:26  Stargate  
  99  20:28  Stargate  
  79  20:46  Probe  
  79  20:48  Probe  
  79  20:49  Zealot x4  
  77  20:50  Zealot x6  
  77  20:53  Probe x2  
  89  20:59  Probe  
  89  21:00  Probe, Immortal  
  93  21:05  Probe x2  
  93  21:11  Probe, Zealot x4  
  98  21:12  Probe  
  98  21:17  Probe x2  
  107  21:22  Fleet Beacon  
  107  21:23  Probe  
  108  21:27  Assimilator  
  108  21:29  Assimilator  
  108  21:38  Nexus  
  108  21:39  Immortal  
  84  22:09  Carrier x3  
  102  22:15  Stargate  
  102  22:16  Zealot x6  
  102  22:20  Stargate  
  114  22:27  Pylon  
  114  22:29  Assimilator  
  114  22:31  Assimilator  
  112  22:53  Immortal  
  112  22:57  Robotics Facility  
  116  23:00  Robotics Facility, Carrier  
  122  23:13  Carrier  
  122  23:14  Carrier x2  
  140  23:37  Pylon x2  
  140  23:39  Pylon  
  140  23:40  Protoss Shields Level 1  
  140  23:42  Pylon  
  140  23:53  Cybernetics Core  
  140  23:54  Protoss Air Weapons Level 1, Carrier  
  146  23:57  Immortal  
  149  24:05  Carrier  
  149  24:08  Mothership  
  145  24:16  Zealot x4  
  161  24:18  Carrier  
  159  24:33  Immortal  
  163  24:58  Immortal  
  167  25:13  Immortal (Chrono Boost)  
  171  25:21  Carrier x3  
  189  25:30  Probe x2  
  189  25:31  Probe  
  189  25:34  Immortal (Chrono Boost)  
  196  25:49  Immortal (Chrono Boost)  
  200  25:51  Nexus  
  200  26:16  Nexus  
  200  26:18  Pylon  
  200  26:20  Pylon  
  200  26:35  Robotics Facility  
  200  26:37  Robotics Facility  
  200  27:21  Photon Cannon  
  200  27:22  Photon Cannon  
  200  27:23  Photon Cannon  
  200  27:25  Photon Cannon  
  200  27:27  Photon Cannon  
  200  27:28  Photon Cannon  
  200  27:30  Photon Cannon  
  200  27:31  Photon Cannon  
  200  28:09  Photon Cannon  
  200  28:10  Photon Cannon  
  200  28:11  Photon Cannon  
  200  28:13  Photon Cannon  
  200  28:15  Photon Cannon  
  200  28:16  Pylon  
  200  28:17  Shield Battery  
  200  28:21  Photon Cannon x2  
  200  28:22  Photon Cannon  
  200  28:23  Photon Cannon  
  158  29:43  Immortal x2  
  156  29:56  Zealot x6  
  156  29:57  Zealot x4  
  176  30:03  Mothership  
  184  30:22  Immortal x2  
  174  30:35  Stalker x2  
  174  30:36  Stalker x8  
  192  30:44  Carrier  
  198  31:02  Immortal  
  192  31:41  Immortal  
  192  31:44  Immortal  
  190  32:04  Fleet Beacon  
Show
View Real Time Build Order
Export as new Build Order

Jayne Terran 

Build Orders: 2 Factory 

Get SALT Encoding   

  12  0:02  SCV  
  13  0:14  SCV  
  13  0:18  Supply Depot  
  14  0:26  SCV  
  15  0:40  SCV, Barracks  
  16  0:44  Refinery  
  16  0:52  SCV  
  17  1:04  SCV  
  17  1:10  Supply Depot  
  18  1:16  SCV  
  19  1:28  SCV  
  19  1:32  Marine  
  21  1:34  Bunker  
  21  1:48  Orbital Command  
  21  1:49  Marine  
  20  2:14  Bunker  
  20  2:15  SCV  
  20  2:22  Factory  
  20  2:29  Marine  
  21  2:36  Factory  
  21  2:37  Refinery  
  21  2:39  SCV  
  22  2:47  Marine  
  22  2:51  SCV  
  23  3:06  Supply Depot  
  23  3:10  Factory Tech Lab  
  23  3:19  Supply Depot  
  23  3:20  Supply Depot  
  23  3:22  Factory Tech Lab  
  23  3:27  SCV, Marine  
  25  3:38  Cyclone  
  28  3:51  Cyclone  
  28  3:53  Mag-Field Accelerator  
  30  4:00  Supply Depot  
  31  4:24  SCV  
  31  4:25  Cyclone  
  34  4:36  SCV  
  35  4:51  SCV  
  36  4:55  Command Center  
  36  5:03  SCV  
  34  5:10  Cyclone  
  37  5:15  SCV  
  38  5:22  Supply Depot  
  38  5:27  SCV, Engineering Bay  
  39  5:44  Cyclone  
  42  6:01  Cyclone  
  42  6:02  SCV  
  46  6:09  Orbital Command  
  46  6:14  SCV  
  47  6:21  Cyclone  
  47  6:26  SCV  
  48  6:34  Cyclone  
  48  6:39  SCV  
  52  6:48  SCV, Command Center  
  52  6:51  SCV  
  54  6:54  Cyclone  
  54  7:00  SCV  
  58  7:03  SCV  
  59  7:23  Cyclone  
  62  7:30  Supply Depot  
  62  7:31  Supply Depot x3  
  62  7:50  Armory  
  62  7:52  SCV x2, Cyclone  
  62  7:58  Cyclone  
  70  8:32  Siege Tank x2  
  76  8:41  Refinery  
  76  8:44  Missile Turret, Refinery  
  76  8:57  Planetary Fortress  
  70  10:01  Barracks Tech Lab  
  70  10:04  Ghost Academy  
  68  10:10  Ghost Academy  
  68  10:35  Personal Cloaking  
  68  10:38  Ghost  
  67  10:51  Cyclone  
  68  11:00  Nuke  
  65  11:28  Command Center  
  62  12:01  Nuke  
  59  12:30  Cyclone x2  
  59  12:34  Nuke  
  65  13:12  Cyclone x2  
  60  13:28  SCV  
  60  14:13  Orbital Command  
  55  14:40  SCV x2  
  57  14:52  SCV  
  58  14:54  SCV  
  59  15:10  Refinery, Orbital Command  
  59  15:14  SCV  
  60  15:16  SCV  
  61  15:21  Refinery  
  61  15:26  SCV  
  61  15:28  SCV  
  63  15:31  Armory  
  63  15:33  Terran Vehicle And Ship Armor Level 1  
  63  15:40  Orbital Command  
  63  15:43  SCV x2, Missile Turret  
  65  16:02  SCV x2  
  67  16:14  SCV x2, Missile Turret x2  
  67  16:16  Missile Turret  
  67  16:17  Cyclone  
  67  16:18  Refinery  
  69  16:26  SCV  
  66  16:39  Siege Tank  
  61  16:44  Bunker  
  61  16:49  Terran Vehicle Weapons Level 1  
  61  16:50  Siege Tank  
  63  17:01  Marine  
  64  17:14  Siege Tank  
  64  17:15  Factory  
  61  17:16  Factory  
  61  17:17  Orbital Command  
  61  17:19  Marine  
  62  17:24  Thor  
  68  17:38  Factory  
  68  17:39  Factory  
  68  17:58  Thor  
  68  18:02  Hellion x2  
  78  18:15  Hellion  
  80  18:23  Hellion  
  80  18:24  Hellion  
  74  18:58  Widow Mine x2  
  74  18:59  Widow Mine x4  
  86  19:06  Orbital Command  
  86  19:20  Hellion x3, Widow Mine  
  94  19:37  SCV x3  
  97  19:44  Refinery  
  97  19:49  SCV x3  
  95  20:19  Refinery  
  65  20:43  Factory Tech Lab  
  65  20:44  Factory Reactor, Factory Tech Lab x2  
  62  21:03  Factory Reactor  
  62  21:08  SCV x2  
  62  21:09  SCV  
  62  21:10  Factory Reactor  
  65  21:15  Command Center  
  65  21:17  Infernal Pre-Igniter  
  65  21:18  Supply Depot x3  
  65  21:19  Thor x3  
  65  21:20  SCV  
  65  21:21  SCV x2  
  86  21:33  SCV x3  
  89  21:45  SCV x3  
  88  21:57  SCV x3  
  87  22:04  Thor  
  93  22:09  SCV x3  
  96  22:15  Supply Depot  
  96  22:18  Thor  
  102  22:23  SCV x3  
  105  22:30  Terran Vehicle Weapons Level 2  
  105  22:35  SCV x3  
  108  22:47  SCV x3  
  108  22:51  Hellbat x5  
  117  22:52  Hellbat  
  124  22:59  SCV x3  
  126  23:09  Missile Turret  
  126  23:14  Thor  
  126  23:16  Sensor Tower  
  132  23:25  Missile Turret  
  132  23:26  Sensor Tower  
  132  23:34  Supply Depot  
  132  23:36  Missile Turret  
  132  23:41  Planetary Fortress  
  132  23:42  Supply Depot  
  132  23:44  Refinery  
  132  23:48  Refinery  
  132  23:57  Thor  
  138  24:11  Thor  
  138  24:12  Hellbat x3  
  150  24:22  Terran Vehicle And Ship Armor Level 2, Hellbat  
  152  24:36  Thor  
  160  24:38  Hellbat  
  122  25:20  Thor x2  
  134  25:22  Widow Mine x6  
  134  25:24  SCV  
  134  25:25  SCV x3  
  150  25:37  SCV x4  
  150  25:41  Terran Vehicle Weapons Level 3  
  154  25:46  Thor  
  154  25:49  SCV  
  161  25:50  SCV x3  
  164  25:59  Widow Mine x4  
  172  26:05  Command Center  
  172  26:07  Supply Depot  
  172  26:16  Supply Depot  
  172  26:17  Supply Depot  
  172  26:19  Supply Depot  
  172  26:28  Starport  
  172  26:29  Thor, Starport, Widow Mine  
  172  26:30  Supply Depot  
  180  26:38  Thor x2, Widow Mine  
  180  26:39  Supply Depot  
  194  26:42  Command Center  
  175  27:14  Command Center  
  175  27:19  Command Center  
  175  27:21  Thor x3  
  193  27:24  Hellbat  
  193  27:28  Starport Tech Lab x2  
  189  28:04  Thor  
  195  28:10  SCV x2  
  197  28:43  Barracks  
  197  28:45  Refinery  
  197  28:47  Refinery  
  197  29:04  Widow Mine  
  182  29:26  Hellion  
  182  29:27  Hellion x6  
  182  29:28  Hellion x2  
  122  29:55  Siege Tank x3  
  131  30:01  SCV x3  
  134  30:13  SCV x3  
  137  30:25  SCV x2  
  137  30:26  Widow Mine x6  
  148  30:42  Orbital Command  
  148  30:47  Command Center  
  142  31:12  Orbital Command  
  142  31:17  Refinery  
  125  31:30  Thor x3  
  122  31:57  SCV x4  
  127  32:01  SCV  
  115  32:09  SCV x2  
Tags
 
Add a new tag
Caveats
  • Supply blocks, unpowered buildings, or Contaminate may cause inaccurate times.
  • Supply counts are checked every 10 seconds.